 Dungeon Crawl Stone Soup version 0.29.1-1-gd02db6906a (webtiles) character file.

Game seed: 6461291538279002975

30 jamesp the Insei (level 3, -2/23 HPs)
             Began as an Octopode Transmuter on Sept 23, 2022.
             Slain by a goblin
             ... wielding a +0 club
             ... led by Robin
              (3 damage)
             ... on level 2 of the Dungeon.
             The game lasted 00:04:14 (1575 turns).

jamesp the Insei (Octopode Transmuter)              Turns: 1575, Time: 00:04:15

Health: -2/23      AC:  1    Str:  9    XL:     3   Next: 18%
Magic:  5/6        EV: 13    Int: 17    God:
Gold:   14         SH:  0    Dex: 12    Spells: 5/6 levels left

rFire   . . .      SeeInvis +     - Unarmed
rCold   . . .      Faith    .   (no shield)
rNeg    + . .      Spirit   .   (helmet currently unavailable)
rPois   .          Reflect  .   (no amulet)
rElec   .          Harm     .   j - ring of see invisible
rCorr   .          Rampage  .   l - ring of positive energy
Will    .....                   (no ring)
Stlth   ++........              (no ring)
HPRegen 0.07/turn               (no ring)
MPRegen 0.10/turn               (no ring)
                                (no ring)
                                (no ring)

@: appendages
A: tentacle spike 3, almost no armour, amphibious, 8 rings, camouflage 1,
gelatinous body 1, (nimble swimmer 1), tentacles
a: End Transformation


You were on level 2 of the Dungeon.
One of your tentacles had grown a beastly spike.
You visited 1 branch of the dungeon, and saw 2 of its levels.

You collected 91 gold pieces.
You spent 77 gold pieces at shops.

Inventory:

Missiles
 e - 10 stones (quivered)
 f - 15 poisoned darts
 n - 6 boomerangs
Jewellery
 j - a ring of see invisible (left tentacle)
 l - a ring of positive energy (right tentacle)
Scrolls
 b - 2 scrolls of identify {unknown}
 k - a scroll of noise {unknown}
Potions
 a - a potion of lignification
 c - a potion of haste {unknown}
 d - 2 potions of curing
 g - 2 potions of invisibility {unknown}
 h - 2 potions of heal wounds {unknown}
 i - a potion of magic {unknown}
 m - a potion of flight {unknown}
 o - a potion of might


   Skills:
 - Level 1.0 Fighting
 + Level 2.4 Dodging
 + Level 3.3 Unarmed Combat
 + Level 2.3 Spellcasting
 + Level 2.4 Transmutations


You had 5 spell levels left.
You knew the following spells:

 Your Spells              Type           Power      Damage    Failure   Level
a - Beastly Appendage     Tmut           20%        N/A       7%          1

Your spell library contained the following spells:

 Spells                   Type           Power      Damage    Failure   Level
 Wereblood                Tmut           10%        N/A       11%         2
 Spider Form              Tmut/Pois      6%         N/A       34%         3
 Ice Form                 Ice/Tmut       6%         N/A       75%         4


Dungeon Overview and Level Annotations

Branches:
Dungeon (2/15)

Altars:

Shops:
D:2 [!

Annotations:
D:2 Robin


Innate Abilities, Weirdness & Mutations

One of your tentacles has grown a beastly spike.
You cannot wear most types of armour.
You are amphibious.
You can wear up to eight rings at the same time.
Your skin changes colour to match your surroundings (Stealth+).
Your rubbery body absorbs attacks. (AC +1, EV +1)
((You are camouflaged when in or above water. (Stealth+)))
You have tentacles for arms and can constrict up to eight enemies at once.


Message History

The frilled lizard unfolds its giant frill.
The endoplasm hits you but does no damage.
The frilled lizard barely misses you.
You tentacle-slap the quokka but do no damage.
Your grab misses the quokka. You squeeze the quokka.
You kill the quokka!
The frilled lizard bites you. The endoplasm hits you.
The frilled lizard attacks as you move away!
The frilled lizard misses you.
Casting: Beastly Appendage (safe; 7% risk of failure)
Confirm with . or Enter, or press ? or * to list all spells.
One of your tentacles grows a vicious spike.
A hobgoblin comes into view.
The frilled lizard bites you.
You closely miss the frilled lizard. Your grab misses the frilled lizard.
Your tentacle spike misses the frilled lizard.
The frilled lizard closely misses you.
You closely miss the frilled lizard. Your grab misses the frilled lizard.
The frilled lizard closely misses you.
You tentacle-slap the frilled lizard. You grab the frilled lizard.
You pierce the frilled lizard.
You kill the frilled lizard!
Robin throws the goblin at you!
You tentacle-slap the frilled lizard.
You kill the frilled lizard!
Robin roars a battlecry!
The goblins go into a battle-frenzy!
The goblin closely misses you.
You hear a shout! x2
You tentacle-slap the goblin.
You kill the goblin!
You hear a shout!
Robin throws the goblin at you! The endoplasm hits you.
The endoplasm attacks as you move away! The endoplasm completely misses you.
The goblin hits you with a +0 club!
* * * LOW HITPOINT WARNING * * *
Things that are here:
a +0 club; a goblin corpse The goblin hits you with a +0 club.
You die...

#... #g. ...## >..##.####... .#
#...#..$#..# .# #...#w.[#..# .#
#..g#).|#..# +##.#
#...##g####..# .#8.#
#...#.#J.....#
.#######...##.##)g###.#
∩..+...#...#.#..@## #.#
.≈≈#...#.##.##..#####'###
.≈#......#[#............#
+#)....#.###............#
##....+................#
#....#.#..............#########
#.#'#..#.........[....'........
#.#.#.##...........)..#........
#.#.#.##..............#........


You could see an endoplasm, a hobgoblin (strong) and a goblin (strong).

Vanquished Creatures
  3 bats
  An endoplasm (D:1)
  2 giant cockroaches
  A hobgoblin (D:2)
  A quokka (D:2)
  2 ball pythons (D:2)
  4 frilled lizards (D:2)
  6 goblins
  4 kobolds
  6 rats
30 creatures vanquished.

Notes
Turn   | Place    | Note
-------+----------+-------------------------------------------
     0 | D:1      | jamesp the Octopode Transmuter began the quest for the Orb.
     0 | D:1      | Reached XP level 1. HP: 13/13 MP: 3/3
   547 | D:1      | Reached XP level 2. HP: 18/18 MP: 3/5
   798 | D:1      | Found a faded altar of an unknown god.
  1076 | D:2      | Found Halaploj's Antique Armour Shop.
  1349 | D:2      | Found Bishaso's Distillery.
  1377 | D:2      | Bought a potion of curing for 33 gold pieces
  1377 | D:2      | Bought a potion of might for 44 gold pieces
  1478 | D:2      | Reached XP level 3. HP: 23/23 MP: 4/6
  1560 | D:2      | Noticed Robin
  1574 | D:2      | HP: 1/23 [goblin/+0 club[Robin] (7)]
  1575 | D:2      | Slain by a goblin

Illustrated notes

Levels and vault maps discovered:
D:1:      dpeg_arrival_rhombus, layout_rooms, chequers_ecumenical_altar_island,
          serial_co_window_serial, co_window_paths_b, co_window_corner_a,
          co_window_cross_1, co_window_paths_b, co_window_paths_b,
          co_window_corner_a, co_window_paths_b, co_window_of_opportunity_b,
          co_window_corner_cb, co_window_unsneaky_path_e, co_window_sun,
          st_stairs_13
D:2:      layout_basic, serial_shops, nicolae_shop_hallway_plus,
          nicolae_shop_waterfront, nicolae_square_shop, shop, minmay_vboxes,
          uniq_robin

Action                   || total
-------------------------++-------
Melee: Unarmed           ||    53
       Constrict         ||    13
       Kick              ||     9
       Tentacles         ||     8
       Punch             ||     1
Throw: Stone             ||     1
 Cast: Beastly Appendage ||     9
 Stab: Sleeping          ||     4
Armor: Skin              ||     5
Dodge: Dodged            ||    27
